 Dungeon Crawl Stone Soup version 0.24.1-8-ga250c9d538 (webtiles) character file.

Game seed: 16617053456008335306, levelgen mode: deterministic

5506 Peloso the Blocker (level 10, -2/82 HPs)
             Began as a Gnoll Fighter on May 4, 2020.
             Was a Believer of Okawaru.
             Slain by a cyclops (26 damage)
             ... while paralysed by Erica
             ... on level 11 of the Dungeon.
             The game lasted 00:26:20 (11226 turns).

Peloso the Blocker (Gnoll Fighter)                 Turns: 11226, Time: 00:26:21

Health: -2/82      AC: 13    Str: 23    XL:     10   Next: 70%
Magic:  18/18      EV:  2    Int: 10    God:    Okawaru [**....]
Gold:   455        SH:  0    Dex: 14    Spells: 19/19 levels left

rFire    + . .     SeeInvis .   a - +3 falchion (slice)
rCold    . . .     Gourm    .   c - +0 large shield
rNeg     . . .     Faith    .   G - +0 plate armour
rPois    +         Spirit   .   (no helmet)
rElec    .         Reflect  +   (no cloak)
rCorr    .         Harm     .   (no gloves)
MR       .....                  (no boots)
Stlth    ..........             m - +3 amulet of reflection
HPRegen  0.23/turn              x - ring of protection from fire
MPRegen  0.16/turn              k - ring of poison resistance

@: paralysed, held, slowed
A: distributed training, fangs 1, strong nose
a: Heroism, Renounce Religion


You were on level 11 of the Dungeon.
You worshipped Okawaru.
Okawaru was pleased with you.
You were hungry.

You visited 2 branches of the dungeon, and saw 12 of its levels.

You collected 607 gold pieces.
You spent 152 gold pieces at shops.

Inventory:

Hand Weapons
 a - a +3 falchion of slicing (weapon)
 b - a +1 antimagic rapier
Armour
 c - a +0 large shield (worn)
 C - a +0 scale mail
 G - a +0 plate armour (worn)
Jewellery
 k - a ring of poison resistance (right hand)
 m - a +3 amulet of reflection (around neck)
 p - an uncursed ring of protection from cold
 x - a ring of protection from fire (left hand)
 H - an uncursed ring of magical power
Wands
 g - a wand of random effects (7)
 y - a wand of polymorph (6)
 E - a wand of acid (6)
 K - a wand of flame (8)
 M - a wand of iceblast (9)
 N - a wand of clouds (4)
Scrolls
 e - 6 scrolls of remove curse
 i - a scroll of fog
 r - 6 scrolls of enchant weapon
 s - 2 scrolls of teleportation
 w - a scroll of magic mapping
 B - a scroll of acquirement
 D - 2 scrolls of enchant armour
 I - a scroll of amnesia
 J - 2 scrolls of fear
Potions
 d - 4 potions of might
 h - a potion of cancellation
 j - a potion of agility
 l - 2 potions of brilliance
 n - 5 potions of magic
 o - 5 potions of curing
 q - 2 potions of mutation
 u - 2 potions of ambrosia
 v - 4 potions of flight
 z - a potion of invisibility
 A - a potion of berserk rage
 O - a potion of resistance
Comestibles
 f - 16 rations


   Skills:
 + Level 8.6 Fighting
 + Level 5.4 Short Blades
 + Level 7.2 Long Blades
 + Level 5.4 Axes
 + Level 5.4 Maces & Flails
 + Level 5.4 Polearms
 + Level 5.4 Staves
 + Level 5.4 Slings
 + Level 5.4 Bows
 + Level 5.4 Crossbows
 + Level 5.4 Throwing
 + Level 8.6 Armour
 + Level 5.4 Dodging
 + Level 5.4 Stealth
 + Level 8.6 Shields
 + Level 5.4 Unarmed Combat
 + Level 5.4 Spellcasting
 + Level 4.4 Conjurations
 + Level 4.4 Hexes
 + Level 4.4 Charms
 + Level 4.4 Summonings
 + Level 4.4 Necromancy
 + Level 4.4 Translocations
 + Level 4.4 Transmutations
 + Level 4.4 Fire Magic
 + Level 4.4 Ice Magic
 + Level 4.4 Air Magic
 + Level 4.4 Earth Magic
 + Level 4.4 Poison Magic
 + Level 6.0 Invocations
 + Level 5.4 Evocations


You had 19 spell levels left.
You didn't know any spells.
Your spell library contained the following spells:

 Spells                   Type           Power        Failure   Level  Hunger
 Summon Small Mammal      Summ           ##..         98%         1    None
 Call Imp                 Summ           ##......     99%         2    ##.....
 Call Canine Familiar     Summ           ##......     100%        3    ###....
 Summon Guardian Golem    Hex/Summ       ##......     100%        3    ###....
 Summon Ice Beast         Ice/Summ       ##......     100%        4    ####...
 Summon Lightning Spire   Summ/Air       ##......     100%        4    ####...


Dungeon Overview and Level Annotations

Branches:
Dungeon (11/15)            Temple (1/1) D:5            Lair (0/6) D:10
    Orc: D:9-12

Altars:
Ashenzari
Cheibriados
Dithmenos
Elyvilon
Fedhas
Gozag
Hepliaklqana
Kikubaaqudgha
Makhleb
Nemelex Xobeh
Okawaru
Qazlal
Ru
Sif Muna
Trog
Uskayaw
Vehumet
Wu Jian
Xom
Yredelemnul
Zin
The Shining One

Shops:
D:4 *   D:5 :   D:9 *

Annotations:
D:5 Prince Ribbit
D:9 exclusion: 3 oklob plants
D:11 Erica, Harold


Innate Abilities, Weirdness & Mutations

Your experience applies equally to all skills.
You have very sharp teeth.
Your uncanny sense of smell can sniff out nearby items.


Message History

You are yanked forward by the harpoon shot.
You block Harold's attack. You block Harold's attack.
Erica screams, "Coming here was suicide!
For you!" The cyclops hits you.
Harold throws a throwing net.
The throwing net hits you.
You become entangled in the net!
Erica drinks a potion.
Erica suddenly seems more agile.
Erica zaps a wand.
You suddenly lose the ability to move!
Harold asks, "Do you mind if I name my boat the 'Peloso'?
Your head will be paying for it, after all."
Harold hits you but does no damage.
Harold hits you from afar with a +0 glaive.
The cyclops hits you. Harold hits you but does no damage.
Erica screams, "I'll never tell where it is!"
Erica hits you with a +2 scimitar of flaming.
Harold barely misses you. The cyclops hits you!
Harold hits you from afar with a +0 glaive!
* * * LOW HITPOINT WARNING * * *
Erica hits you but does no damage. The cyclops hits you!!
You die...

#....# #####
#....##....+
#######...?......#
#.........(......#
#...............=#
#................#
#..........@.....#
#...^.....@C.....# ..
#.........(@.....# ....#
+....(.....####### ....#
#..........########....#
#....##(...............#
#....##................#
#....#.................#
#....##....##..........#
#.... #....##..........#
#.... #....###'####....#


You could see Harold, Erica and a cyclops.

Vanquished Creatures
  A two-headed ogre (D:8)
  A hornet (D:9)
  A vampire (D:9)
  Sigmund (D:6)
  Eustachio (D:5)
  A hungry ghost (D:8)
  A water moccasin (D:7)
  An orc warrior (D:7)
  A sky beast (D:10)
  7 ogres
  A necrophage (D:10)
  3 phantoms
  3 centaurs
  Blork the orc (D:6)
  A bullfrog (D:9)
  A gnoll sergeant (D:9)
  A wyvern zombie (D:10)
  2 big kobolds (D:8)
  A scorpion (D:9)
  6 killer bees
  7 wights
  A howler monkey (D:9)
  6 crimson imps
  Crazy Yiuf (D:6)
  A bullfrog zombie (D:6)
  4 hounds
  A quasit (D:10)
  7 orc priests
  A bullfrog skeleton (D:6)
  2 jellies
  2 centaur skeletons
  Ijyb (D:5)
  An iguana (D:4)
  4 orc wizards
  9 worker ants
  12 gnolls
  A howler monkey skeleton (D:7)
  12 adders
  2 shadow imps
  2 oozes
  An adder skeleton (D:10)
  A worm (D:3)
  A dart slug (D:3)
  5 leopard geckos
  26 orcs
  6 giant cockroaches
  7 goblins
  11 hobgoblins
  8 jackals
  8 quokkas
  3 ball pythons
  6 bats
  3 frilled lizards (D:1)
  A jackal skeleton (D:4)
  5 kobolds
  A quokka skeleton (D:9)
  36 rats
242 creatures vanquished.

Vanquished Creatures (others)
  A centaur (D:7)
1 creature vanquished.

Grand Total: 243 creatures vanquished

Notes
Turn   | Place    | Note
-------+----------+-------------------------------------------
     0 | D:1      | Peloso the Gnoll Fighter began the quest for the Orb.
     0 | D:1      | Reached XP level 1. HP: 23/23 MP: 1/1
    75 | D:1      | Reached XP level 2. HP: 29/29 MP: 2/2
   441 | D:1      | Reached XP level 3. HP: 35/35 MP: 3/3
   793 | D:1      | Reached skill level 1 in Invocations
  1147 | D:2      | Reached skill level 1 in Short Blades
  1147 | D:2      | Reached skill level 1 in Axes
  1147 | D:2      | Reached skill level 1 in Maces & Flails
  1147 | D:2      | Reached skill level 1 in Polearms
  1147 | D:2      | Reached skill level 1 in Staves
  1147 | D:2      | Reached skill level 1 in Slings
  1147 | D:2      | Reached skill level 1 in Bows
  1147 | D:2      | Reached skill level 1 in Crossbows
  1147 | D:2      | Reached skill level 1 in Throwing
  1147 | D:2      | Reached skill level 1 in Dodging
  1147 | D:2      | Reached skill level 1 in Stealth
  1147 | D:2      | Reached skill level 1 in Unarmed Combat
  1147 | D:2      | Reached skill level 1 in Spellcasting
  1147 | D:2      | Reached skill level 1 in Evocations
  1243 | D:2      | Found a faded altar of an unknown god.
  1246 | D:2      | Reached XP level 4. HP: 41/41 MP: 5/5
  1599 | D:3      | Reached skill level 1 in Conjurations
  1599 | D:3      | Reached skill level 1 in Hexes
  1599 | D:3      | Reached skill level 1 in Charms
  1599 | D:3      | Reached skill level 1 in Summonings
  1599 | D:3      | Reached skill level 1 in Necromancy
  1599 | D:3      | Reached skill level 1 in Translocations
  1599 | D:3      | Reached skill level 1 in Transmutations
  1599 | D:3      | Reached skill level 1 in Fire Magic
  1599 | D:3      | Reached skill level 1 in Ice Magic
  1599 | D:3      | Reached skill level 1 in Air Magic
  1599 | D:3      | Reached skill level 1 in Earth Magic
  1599 | D:3      | Reached skill level 1 in Poison Magic
  2089 | D:3      | Found a glowing golden altar of the Shining One.
  2126 | D:3      | Reached XP level 5. HP: 46/47 MP: 6/6
  2569 | D:4      | Reached XP level 6. HP: 36/53 MP: 8/8
  2573 | D:4      | Found Ajatt's Assorted Antiques.
  2577 | D:4      | Bought a scroll of identify for 40 gold pieces
  2704 | D:4      | Reached skill level 5 in Long Blades
  2776 | D:4      | Reached XP level 7. HP: 36/59 MP: 10/10
  4168 | D:5      | Entered Level 5 of the Dungeon
  4579 | D:5      | Found a shattered altar of Ashenzari.
  4594 | D:5      | Found a shimmering blue altar of Sif Muna.
  4596 | D:5      | Found a white marble altar of Elyvilon.
  4706 | D:5      | Reached XP level 8. HP: 65/67 MP: 12/12
  4740 | D:5      | Found Isolu's Book Boutique.
  4768 | D:5      | Found a sacrificial altar of Ru.
  4797 | D:5      | Found a glowing silver altar of Zin.
  4882 | D:5      | Noticed Eustachio
  4937 | D:5      | Killed Eustachio
  5133 | D:5      | Found a shimmering altar of Xom.
  5189 | D:5      | Found a hide-covered altar of Uskayaw.
  5265 | D:5      | Noticed Prince Ribbit
  5293 | D:5      | Found a staircase to the Ecumenical Temple.
  5302 | Temple   | Entered the Ecumenical Temple
  5403 | D:5      | Noticed Ijyb
  5411 | D:5      | Killed Ijyb
  5734 | D:6      | Noticed Blork the orc
  5745 | D:6      | Killed Blork the orc
  5878 | D:6      | Noticed Sigmund
  6516 | D:6      | Killed Sigmund
  6516 | D:6      | Reached XP level 9. HP: 46/73 MP: 14/14
  7053 | D:6      | Found a runed translucent door.
  7054 | D:6      | Noticed Crazy Yiuf
  7391 | D:6      | Killed Crazy Yiuf
  7975 | D:7      | Found an iron altar of Okawaru.
  7997 | D:7      | Became a worshipper of Warmaster Okawaru
  8252 | D:8      | Noticed a two-headed ogre
  8266 | D:8      | Killed a two-headed ogre
  8266 | D:8      | Reached skill level 5 in Invocations
  8649 | D:8      | Found an ancient bone altar of Kikubaaqudgha.
  8661 | D:8      | Reached XP level 10. HP: 41/80 MP: 17/17
  8840 | D:8      | Reached * piety under Okawaru
  9138 | D:9      | Noticed an oklob plant
  9227 | D:9      | Reached skill level 5 in Short Blades
  9227 | D:9      | Reached skill level 5 in Axes
  9227 | D:9      | Reached skill level 5 in Maces & Flails
  9227 | D:9      | Reached skill level 5 in Polearms
  9227 | D:9      | Reached skill level 5 in Staves
  9227 | D:9      | Reached skill level 5 in Slings
  9227 | D:9      | Reached skill level 5 in Bows
  9227 | D:9      | Reached skill level 5 in Crossbows
  9227 | D:9      | Reached skill level 5 in Throwing
  9227 | D:9      | Reached skill level 5 in Dodging
  9227 | D:9      | Reached skill level 5 in Stealth
  9227 | D:9      | Reached skill level 5 in Unarmed Combat
  9227 | D:9      | Reached skill level 5 in Spellcasting
  9227 | D:9      | Reached skill level 5 in Evocations
  9848 | D:9      | Noticed an oklob plant
  9958 | D:9      | Found Imaphukk's Changing Room.
  9970 | D:9      | Bought a potion of mutation for 112 gold pieces
 10036 | D:9      | Noticed an oklob plant
 10051 | D:10     | Entered Level 10 of the Dungeon
 10087 | D:10     | Reached ** piety under Okawaru
 10700 | D:10     | Found a staircase to the Lair.
 11172 | D:10     | Identified a scroll of acquirement
 11212 | D:11     | Noticed a cyclops
 11215 | D:11     | Noticed Harold
 11217 | D:11     | Noticed Erica
 11222 | D:11     | Paralysed by Erica for 7 turns
 11226 | D:11     | Slain by a cyclops

Levels and vault maps discovered:
D:1:      onia_arrival_larder, layout_basic, moated_statue
D:2:      layout_loops_ring, first_ration, chequers_ecumenical_altar_simple
D:3:      layout_loops_ring, tso_altar, minmay_rat_hole
D:4:      layout_cave_pools, serial_shops, nicolae_shop_behind_doors,
          grunt_decor_arrowhead, minmay_crossroads
D:5:      layout_loops_ring, cheibrodos_ashenzari_chains,
          nicolae_overflow_quartered_altars, grunt_temple_overflow_open,
          temple_hall, serial_shops, shop_statue, uniq_prince_ribbit1,
          uniq_ijyb, uniq_eustachio
D:6:      layout_loops_ring, uniq_crazy_yiuf_cottage, uniq_sigmund,
          uniq_blork_the_orc
D:7:      layout_loops_ring, okawaru_gym_becter
D:8:      layout_cave_pools, lemuel_doored_altar, blue_anna_alchemist
          [blue_anna_fruit_fields, blue_anna_fruit_fields],
          kennysheep_small_circle
D:9:      layout_basic, serial_glass, glass_columns_b, glass_columns_b,
          glass_columns_b, glass_columns_b, glass_columns_c, glass_columns_a,
          hangedman_abyss_or_decor_stagger, hangedman_decor_clover_reticule,
          nicolae_transmutations_shop, disabler_island
D:10:     layout_rooms, lair_entry_dummy, minivault_22, minmay_fractal_squares_5
D:11:     gammafunk_mikee_crab_dinner, layout_stronghold, serial_shops, shop,
          uniq_harold, uniq_erica
Temple:   minmay_temple_bridge_abc

Skill      XL: |  1  2  3  4  5  6  7  8  9 10 |
---------------+-------------------------------+-----
Invocations    | 1 2 3 4 5 6 |  6.0
Short Blades   | 1 2 3 4 5 |  5.4
Axes           | 1 2 3 4 5 |  5.4
Maces & Flails | 1 2 3 4 5 |  5.4
Polearms       | 1 2 3 4 5 |  5.4
Staves         | 1 2 3 4 5 |  5.4
Slings         | 1 2 3 4 5 |  5.4
Bows           | 1 2 3 4 5 |  5.4
Crossbows      | 1 2 3 4 5 |  5.4
Throwing       | 1 2 3 4 5 |  5.4
Dodging        | 1 2 3 4 5 |  5.4
Stealth        | 1 2 3 4 5 |  5.4
Unarmed Combat | 1 2 3 4 5 |  5.4
Spellcasting   | 1 2 3 4 5 |  5.4
Evocations     | 1 2 3 4 5 |  5.4
Conjurations   | 1 2 3 4 |  4.4
Hexes          | 1 2 3 4 |  4.4
Charms         | 1 2 3 4 |  4.4
Summonings     | 1 2 3 4 |  4.4
Necromancy     | 1 2 3 4 |  4.4
Translocations | 1 2 3 4 |  4.4
Transmutations | 1 2 3 4 |  4.4
Fire Magic     | 1 2 3 4 |  4.4
Ice Magic      | 1 2 3 4 |  4.4
Air Magic      | 1 2 3 4 |  4.4
Earth Magic    | 1 2 3 4 |  4.4
Poison Magic   | 1 2 3 4 |  4.4
Long Blades    | 5 6 7 |  7.2
Fighting       | 7 8 |  8.6
Armour         | 7 8 |  8.6
Shields        | 7 8 |  8.6

Action                   |  1- 3 |  4- 6 |  7- 9 | 10-12 || total
-------------------------+-------+-------+-------+-------++-------
Melee: Long sword        |   134 |   207 |   439 |    50 ||   830
       Bite              |    17 |    18 |    58 |    37 ||   130
       Falchion          |       |       |       |   248 ||   248
Invok: Heroism           |       |       |       |     2 ||     2
Evoke: Wand              |       |       |     2 |       ||     2
  Use: Scroll            |       |     8 |     9 |     9 ||    26
       Potion            |       |       |     2 |     3 ||     5
  Eat: Chunk             |     1 |     5 |    12 |     4 ||    22
       Ration            |       |       |     3 |     1 ||     4
Armor: Scale mail        |    38 |    47 |    60 |       ||   145
       Plate armour      |       |       |    15 |   120 ||   135
Dodge: Dodged            |    42 |    30 |    65 |    50 ||   187
Block: Shield            |    68 |       |       |       ||    68
       Large shield      |    13 |   153 |   400 |   374 ||   940
       Reflection        |       |       |     9 |    12 ||    21
       Rpst.: Long sword |    12 |     5 |    21 |       ||    38
       Falchion          |       |       |       |    19 ||    19
